 Dungeon Crawl Stone Soup version 0.25-a0-44-g29a1220a87 (webtiles) character file.

Game seed: 16623502775328909005, levelgen mode: deterministic

40 iamserjio the Insei (level 3, -1/26 HPs)
             Began as an Octopode Chaos Knight on Oct 24, 2019.
             Was a Plaything of Xom.
             Slain by a kobold
             ... wielding a +0 short sword
              (4 damage)
             ... on level 3 of the Dungeon.
             The game lasted 00:01:27 (228 turns).

iamserjio the Insei (Octopode Chaos Knight)          Turns: 228, Time: 00:01:27

Health: -1/26      AC:  1    Str: 11    XL:     3   Next: 50%
Magic:  3/3        EV: 14    Int: 14    God:    Xom [..*...]
Gold:   29         SH:  0    Dex: 12    Spells: 2/2 levels left

rFire    . . .     SeeInvis .     - Unarmed
rCold    + . .     Gourm    .   (no shield)
rNeg     . . .     Faith    .   (helmet restricted)
rPois    .         Spirit   .   (no amulet)
rElec    .         Reflect  .   c - ring of protection from cold
rCorr    .         Harm     .   (no ring)
MR       .....                  (no ring)
Stlth    +++.......             (no ring)
HPRegen  0.08/turn              (no ring)
MPRegen  0.08/turn              (no ring)
                                (no ring)
                                (no ring)

@: no status effects
A: almost no armour, stealthy swim, amphibious, 8 rings, constrict 8, camouflage
1, gelatinous body 1
a: Renounce Religion


You were on level 3 of the Dungeon.
You worshipped Xom.
You were a toy of Xom.
You were not hungry.

You visited 1 branch of the dungeon, and saw 3 of its levels.

You collected 29 gold pieces.

Inventory:

Hand Weapons
 e - a cursed +0 spear
Jewellery
 c - a ring of protection from cold (left tentacle)
Scrolls
 b - a scroll of identify {unknown}
 d - a scroll of teleportation {unknown}
 f - a scroll of fear {unknown}
 g - a scroll of remove curse {unknown}
Comestibles
 a - 2 rations


   Skills:
 + Level 3.3 Fighting
 + Level 2.7 Dodging
 + Level 1.6 Stealth
 * Level 3.6 Unarmed Combat


You had 2 spell levels left.
You didn't know any spells.
Your spell library was empty.

Dungeon Overview and Level Annotations

Branches:
Dungeon (3/15)

Altars:


Innate Abilities, Weirdness & Mutations

You cannot wear most types of armour.
You are very stealthy in the water. (Stealth+)
You are amphibious.
You can wear up to eight rings at the same time.
You can use your tentacles to constrict eight enemies at once.
Your skin changes colour to match your surroundings (Stealth+).
Your rubbery body absorbs attacks. (AC +1, EV +1)


Message History

The kobold shouts!
A kobold comes into view. It is wielding a +0 short sword.
The frilled lizard barely misses you.
The kobold shouts!
You tentacle-slap the frilled lizard.
You kill the frilled lizard!
A kobold comes into view. It is wielding a +0 dagger.
The kobold shouts!
You see here 12 gold pieces.
You tentacle-slap the kobold. Your grab misses the kobold.
The kobold closely misses you.
You tentacle-slap the kobold but do no damage.
Your grab misses the kobold. The kobold misses you.
The kobold hits you with a +0 short sword.
* * * LOW HITPOINT WARNING * * *
You see here a bat corpse.
You closely miss the kobold. Your grab misses the kobold.
The kobold hits you with a +0 short sword.
You die... "Huh?
Did I miss anything?"

####### #.....#
#)###.############.
#. ##..............
#. #....(.<......##
#. ##.##..........#
#. #.##..........#
#. #.@KK.........#
#. ####.K.†......#
##.........#
#...†.....####
#.....$...(...
#..........###
#............#
#.........##..
##.........# #


You could see 3 kobolds.

Vanquished Creatures
  2 adders (D:2)
  A leopard gecko (D:2)
  A bat (D:3)
  2 giant cockroaches (D:1)
  4 goblins
  4 jackals (D:2)
  2 kobolds (D:1)
  A quokka (D:2)
  2 frilled lizards
19 creatures vanquished.

Notes
Turn   | Place    | Note
-------+----------+-------------------------------------------
     0 | D:1      | iamserjio the Octopode Chaos Knight began the quest for the
                  | Orb.
     0 | D:1      | Reached XP level 1. HP: 16/16 MP: 1/1
    91 | D:1      | Reached XP level 2. HP: 11/21 MP: 2/2
   145 | D:2      | Reached skill level 1 in Stealth
   163 | D:2      | Reached XP level 3. HP: 7/26 MP: 3/3
   164 | D:2      | XOM: harmless Erth miscast
   181 | D:2      | XOM: harmless Hex miscast
   228 | D:3      | Slain by a kobold

Levels and vault maps discovered:
D:1:      lemuel_arrival_muddy, layout_basic
D:2:      layout_basic, first_ration, minmay_misc_feat_rows,
          lexackson_kobold_supper
D:3:      layout_rooms, nicolae_ru_sacrificial_ziggurat,
          minmay_goblin_kobold_house, uniq_grinder

Skill      XL: |  1  2 |
---------------+-------+-----
Stealth        | 1 |  1.6
Fighting       | |  3.3
Dodging        | |  2.7
Unarmed Combat | |  3.6

Action                   || total
-------------------------++-------
Melee: Unarmed           ||    43
       Constrict         ||    10
       Tentacles         ||     7
  Use: Potion            ||     1
 Stab: Sleeping          ||     1
Armor: Skin              ||     2
Dodge: Dodged            ||    25

Table legend:
 A = Non-vault XP
 B = Vault XP
 C = Vault XP percentage of total XP
 D = Non-vault monster count
 E = Vault monster count
 F = Vault count percentage of total count
                 A         B        C        D         E       F
            +---------+---------+-------+---------+---------+-------
      Total |      58 |       0 |   0.0 |      19 |       0 |   0.0
            +---------+---------+-------+---------+---------+-------
        D:1 |      13 |       0 |   0.0 |       7 |       0 |   0.0
        D:2 |      42 |       0 |   0.0 |      10 |       0 |   0.0
        D:3 |       3 |       0 |   0.0 |       2 |       0 |   0.0
            +---------+---------+-------+---------+---------+-------
